 Dungeon Crawl Stone Soup version 0.17.1-3-g152610e (webtiles) character file.

695 Gargoyl the Covered (level 7, 0/54 HPs)
             Began as a Demonspawn Abyssal Knight on Apr 8, 2016.
             Was a Believer of Lugonu.
             Killed by nerve-wracking pain
             ... invoked by an orc priest
              (13 damage)
             ... on level 5 of the Dungeon.
             The game lasted 00:12:26 (5631 turns).

Gargoyl the Covered (Demonspawn Abyssal Knight)     Turns: 5631, Time: 00:12:27

Health: 0/54       AC: 14    Str: 15      XL:     7   Next: 37%
Magic:  9/9        EV:  7    Int: 10 (13) God:    Lugonu [**....]
Gold:   352        SH:  4    Dex: 12      Spells: 0 memorised, 6 levels left

rFire  . . .     SeeInvis .     a - +1 hand axe
rCold  . . .     Clarity  .     q - +0 chain mail
rNeg   . . .     SustAt   .     w - +0 buckler
rPois  .         Gourm    .     (no helmet)
rElec  .         Spirit   .     h - +0 cloak
rCorr  .         Warding  .     v - +1 pair of gloves
rMut   .         Stasis   .     o - +0 pair of boots
MR     .....                    (no amulet)
Stlth  ..........               (no ring)
                                (no ring)

@: not resistant to hostile enchantments, extremely unstealthy
A: hooves 1, nightstalker 1, powered by pain 1
a: Depart the Abyss, Bend Space, Renounce Religion


You were on level 5 of the Dungeon.
You worshipped Lugonu.
Lugonu was pleased with you.
You were near starving.

You visited 1 branch of the dungeon, and saw 5 of its levels.
You visited the Abyss 1 time.

You collected 352 gold pieces.

Inventory:

Hand Weapons
 a - a +1 hand axe (weapon)
 r - a +0 blowgun
 y - a +1 flail
Missiles
 e - 8 silver tomahawks (quivered)
 s - 6 poisoned needles
 z - 3 tomahawks
Armour
 h - a +0 cloak (worn)
 o - a +0 pair of boots (worn)
 q - a +0 chain mail (worn)
 v - a +1 pair of gloves (worn)
 w - a +0 buckler (worn)
Wands
 l - a wand of teleportation (5)
 u - a wand of fire (12)
 x - a wand of enslavement (9)
Scrolls
 d - a scroll of amnesia
 g - 4 scrolls of identify
 i - a scroll of fog
 j - 2 scrolls of teleportation
 m - a scroll of enchant weapon
 n - 2 scrolls of remove curse
 B - a scroll of holy word {unknown}
Miscellaneous
 b - a sack of spiders {used: 2}
Comestibles
 c - 8 bread rations
 f - 2 meat rations
 k - a beef jerky
 E - a royal jelly


   Skills:
 + Level 4.3 Fighting
 + Level 3.3 Axes
 * Level 5.4 Armour
 + Level 2.0 Dodging
 + Level 0.2 Stealth
 + Level 1.5 Shields
 + Level 3.2 Invocations
 + Level 0.4 Evocations


You had 6 spell levels left.
You didn't know any spells.

Dungeon Overview and Level Annotations

Branches:
Dungeon (5/15)             Temple (0/1) D:4

Altars:
Dithmenos
Qazlal
The Shining One

Shops:
D:4 =   D:5 !

Annotations:
D:5 cada's ghost, novice OpTm


Innate Abilities, Weirdness & Mutations

You have large cloven feet.
You are slightly more attuned to the shadows.
You sometimes gain a little power by taking damage.


Message History

You reach into the bag... ...and things crawl out!
The orc is caught in a web!
The orc priest miscasts a cantrip.
Zapping:
x - a wand of enslavement (10)
Press: ? - help, Shift-Dir - straight line, f - orc priest
Aim: an orc priest, wielding a trident and wearing a leather armour (moderately wounded, chance to defeat MR: 47%)
The orc priest is charmed.
This wand has 9 charges left.
The orc pulls away from the web.
You swap places.
The orc hits your orc priest with a dagger.
Your orc priest hits the orc with a trident.
The orc dies!
Lugonu accepts your kill.
Found a scroll of identify.
You swap places.
g - 4 scrolls of identify (gained 1)
You start resting.
The orc priest is no longer charmed.
Your spider bites the orc priest.
The orc priest mumbles some strange prayers to Beogh against you.
Pain shoots through your body!
You die...

....###..#########.##
........## ###
.######.### .# ##...#
######### .#
#..#.####.......# .#
##.##............#
.####<.# ####.......#
.......#######.os....#
###....##.).....@#####
####...##^########
........>.#
#####.##### ###


You could see an orc priest and a friendly spider.

Vanquished Creatures
  An ogre (D:4)
  A centaur (D:5)
  3 hounds
  Crazy Yiuf (D:4)
  An iguana (D:4)
  3 orc wizards
  2 worker ants (D:4)
  A hound skeleton (D:4)
  4 adders
  2 oozes
  3 worms (D:4)
  An adder skeleton (D:5)
  3 giant geckos
  10 orcs
  2 bats
  A giant cockroach (D:4)
  A goblin (D:3)
  5 hobgoblins
  2 jackals (D:4)
  4 kobolds
  A ball python (D:3)
  A giant gecko skeleton (D:4)
  A giant newt (D:4)
  5 rats
59 creatures vanquished.

Vanquished Creatures (collateral kills)
  A phantom (D:4)
  A worker ant (D:3)
  6 orcs
  A giant cockroach (D:3)
  A goblin (D:3)
  A kobold (D:3)
11 creatures vanquished.

Vanquished Creatures (others)
  3 orcs (D:5)
  4 starspawn tentacles (Abyss:2)
  2 starspawn tentacle segments (Abyss:2)
9 creatures vanquished.

Grand Total: 79 creatures vanquished

Notes
Turn   | Place    | Note
--------------------------------------------------------------
     0 | Abyss:1  | Gargoyl the Demonspawn Abyssal Knight began the quest for the Orb.
     0 | Abyss:1  | Reached XP level 1. HP: 18/18 MP: 2/2
     4 | Abyss:1  | Found a corrupted altar of Lugonu.
   141 | Abyss:1  | Noticed a golden dragon skeleton
   162 | Abyss:1  | Noticed a large abomination
   181 | Abyss:2  | Noticed a tentacled starspawn
   198 | Abyss:2  | Noticed a bone dragon
   221 | Abyss:3  | Noticed an ice dragon zombie
   246 | D:1      | Escaped the Abyss
   821 | D:2      | Found a glowing golden altar of the Shining One.
   857 | D:2      | Reached * piety under Lugonu
   857 | D:2      | Reached skill level 1 in Dodging
   857 | D:2      | Gained mutation: You have large cloven feet. [demonic ancestry]
   857 | D:2      | Reached XP level 2. HP: 6/24 MP: 3/3
  1192 | D:2      | Found a faded altar to an unknown god.
  1755 | D:3      | Gained mutation: You are slightly more attuned to the shadows. [demonic ancestry]
  1755 | D:3      | Reached XP level 3. HP: 21/29 MP: 3/5
  3001 | D:4      | Reached XP level 4. HP: 28/35 MP: 6/6
  3241 | D:4      | Reached XP level 5. HP: 37/41 MP: 7/7
  3330 | D:4      | Noticed an ogre
  3333 | D:4      | Noticed a phantom
  3348 | D:4      | Killed a phantom
  3401 | D:4      | Killed an ogre
  3401 | D:4      | Reached skill level 4 in Fighting
  3401 | D:4      | Reached skill level 1 in Shields
  3401 | D:4      | Reached XP level 6. HP: 5/48 MP: 8/8
  3408 | D:4      | Reached ** piety under Lugonu
  3763 | D:4      | Noticed Crazy Yiuf
  3780 | D:4      | Killed Crazy Yiuf
  4405 | D:4      | Found Sitsuv's Jewellery Boutique.
  4558 | D:4      | Found a staircase to the Ecumenical Temple.
  4676 | D:4      | Reached skill level 5 in Armour
  4676 | D:4      | Gained mutation: You sometimes gain a little power by taking damage. [demonic ancestry]
  4676 | D:4      | Reached XP level 7. HP: 45/54 MP: 9/9
  4837 | D:5      | Entered Level 5 of the Dungeon
  4844 | D:5      | Found a stormy altar of Qazlal.
  5108 | D:5      | Noticed cada's ghost (novice OpTm)
  5420 | D:5      | Found Xeqewk's Distillery.
  5453 | D:5      | Found a shadowy altar of Dithmenos.
  5631 | D:5      | Killed from afar by an orc priest

Action                   |  1- 3 |  4- 6 |  7- 9 || total
-------------------------+-------+-------+-------++-------
Melee: Hand axe          |   107 |   177 |   114 ||   398
Throw: Tomahawk          |       |     1 |     5 ||     6
Invok: Depart the Abyss  |     1 |       |       ||     1
Evoke: Sack of spiders   |     1 |       |     1 ||     2
       Wand              |       |     1 |     6 ||     7
  Use: Potion            |       |     1 |     5 ||     6
       Scroll            |       |       |     8 ||     8
  Eat: Chunk             |     5 |     4 |     2 ||    11
       Beef jerky        |     1 |       |       ||     1
       Pizza             |       |     1 |       ||     1
